Map: Galactic Process LE

Players

StatiC - Winner!

  • Race: Protoss Protoss
  • League: Master

ELGOLDEN

  • Race: Protoss Protoss
  • League: Diamond

VOD

https://www.youtube.com/channel/UCcSgNfDNxvyisU-eCj9xyNg/playlists

Description

Time

  • Played on: Aug. 27, 2016, 4:54 a.m.
  • Length: 7:43
Show
View Real Time Build Order
Export as new Build Order

StatiC Protoss - Winner!

Build Orders:  

Get SALT Encoding   

  12  0:01  Probe (Chrono Boost)  
  13  0:11  Probe (Chrono Boost)  
  14  0:17  Pylon  
  14  0:22  Probe (Chrono Boost)  
  16  0:35  Probe (Chrono Boost)  
  16  0:37  Gateway  
  16  0:46  Probe (Chrono Boost)  
  16  0:47  Assimilator  
  17  0:56  Probe (Chrono Boost)  
  18  0:58  Assimilator  
  18  1:07  Probe (Chrono Boost)  
  18  1:10  Gateway  
  19  1:17  Probe (Chrono Boost)  
  20  1:28  Cybernetics Core  
  20  1:29  Probe (Chrono Boost)  
  21  1:38  Pylon  
  21  1:40  Probe (Chrono Boost)  
  22  1:51  Probe (Chrono Boost)  
  23  2:02  Probe (Chrono Boost)  
  23  2:05  Stalker  
  23  2:06  Stalker  
  28  2:12  Probe (Chrono Boost)  
  29  2:19  Pylon  
  29  2:21  Warp Gate  
  29  2:26  Mothership Core (Chrono Boost)  
  31  2:46  Probe (Chrono Boost)  
  32  2:54  Nexus  
  32  3:02  Pylon  
  32  3:03  Sentry  
  34  3:06  Sentry  
  34  3:09  Probe (Chrono Boost)  
  37  3:25  Robotics Facility  
  35  3:30  Stalker  
  37  3:36  Stalker  
  39  3:43  Probe (Chrono Boost)  
  40  3:56  Probe (Chrono Boost)  
  40  3:59  Forge  
  41  4:06  Probe (Chrono Boost)  
  41  4:08  Probe (Chrono Boost)  
  43  4:13  Observer  
  45  4:17  Probe (Chrono Boost)  
  45  4:18  Twilight Council  
  45  4:19  Probe (Chrono Boost)  
  45  4:22  Protoss Ground Weapons Level 1  
  46  4:27  Probe (Chrono Boost), Adept  
  50  4:31  Probe (Chrono Boost)  
  50  4:40  Immortal  
  50  4:43  Probe (Chrono Boost)  
  56  4:45  Probe (Chrono Boost)  
  56  4:47  Resonating Glaives  
  56  4:53  Probe (Chrono Boost)  
  58  5:00  Probe (Chrono Boost)  
  58  5:04  Probe (Chrono Boost)  
  58  5:05  Pylon  
  59  5:11  Probe (Chrono Boost)  
  59  5:13  Gateway  
  60  5:14  Gateway  
  60  5:22  Gateway  
  60  5:30  Gateway  
  60  5:31  Gateway  
  60  5:34  Warp Prism  
  62  5:39  Probe (Chrono Boost)  
  62  5:40  Probe (Chrono Boost)  
  64  5:43  Pylon  
  64  5:46  Pylon  
  64  5:50  Pylon  
  64  5:52  Adept  
  64  5:53  Adept  
  69  5:57  Probe (Chrono Boost)  
  69  5:58  Pylon  
  69  6:10  Probe (Chrono Boost), Assimilator  
  70  6:14  Adept x3  
  76  6:23  Observer  
  77  6:26  Adept x3  
  77  6:28  Pylon  
  83  6:49  Adept  
  83  6:50  Adept x2  
  83  6:52  Adept x3  
  83  6:53  Adept  
  97  6:58  Immortal  
  92  7:09  Probe (Chrono Boost)  
  92  7:10  Adept x3  
  92  7:15  Adept x3  
  96  7:19  Probe (Chrono Boost)  
  96  7:21  Probe (Chrono Boost)  
  90  7:38  Stalker x3  
Show
View Real Time Build Order
Export as new Build Order

ELGOLDEN Protoss 

Build Orders: 1 Gate Expand, Colossus Rush 

Get SALT Encoding   

  12  0:01  Probe (Chrono Boost)  
  13  0:12  Probe (Chrono Boost)  
  14  0:19  Pylon  
  14  0:22  Probe (Chrono Boost)  
  15  0:37  Probe (Chrono Boost)  
  15  0:40  Gateway  
  16  0:48  Probe (Chrono Boost), Assimilator  
  17  0:58  Probe (Chrono Boost)  
  18  1:18  Nexus  
  18  1:21  Probe (Chrono Boost)  
  19  1:28  Assimilator  
  19  1:36  Cybernetics Core  
  19  1:39  Probe (Chrono Boost)  
  20  1:48  Pylon  
  20  1:50  Probe (Chrono Boost)  
  21  2:02  Probe (Chrono Boost)  
  22  2:13  Robotics Facility  
  22  2:15  Warp Gate  
  22  2:16  Probe (Chrono Boost), Adept  
  25  2:28  Probe (Chrono Boost)  
  26  2:33  Probe (Chrono Boost)  
  27  2:39  Probe (Chrono Boost)  
  27  2:44  Probe (Chrono Boost)  
  29  2:46  Adept  
  29  2:50  Pylon  
  33  2:51  Mothership Core (Chrono Boost)  
  33  3:00  Immortal  
  37  3:08  Probe (Chrono Boost)  
  36  3:22  Probe (Chrono Boost)  
  36  3:24  Probe (Chrono Boost)  
  38  3:36  Probe (Chrono Boost)  
  38  3:38  Probe (Chrono Boost)  
  38  3:39  Sentry  
  38  3:40  Gateway  
  42  3:44  Observer  
  42  3:47  Probe (Chrono Boost)  
  44  3:49  Assimilator  
  44  3:50  Probe (Chrono Boost)  
  45  3:58  Probe (Chrono Boost)  
  45  4:00  Gateway  
  45  4:01  Gateway  
  45  4:02  Probe (Chrono Boost)  
  47  4:08  Probe (Chrono Boost)  
  48  4:14  Probe (Chrono Boost)  
  49  4:19  Probe (Chrono Boost)  
  49  4:22  Pylon  
  50  4:26  Probe (Chrono Boost)  
  50  4:27  Robotics Bay  
  50  4:29  Probe (Chrono Boost)  
  51  4:38  Probe (Chrono Boost)  
  51  4:40  Probe (Chrono Boost)  
  52  4:48  Warp Prism  
  52  4:50  Probe x2 (Chrono Boost), Pylon  
  54  4:55  Stalker x2  
  60  5:01  Probe (Chrono Boost)  
  60  5:03  Probe (Chrono Boost)  
  60  5:05  Assimilator  
  60  5:06  Pylon  
  62  5:16  Probe (Chrono Boost)  
  62  5:18  Probe (Chrono Boost)  
  64  5:22  Extended Thermal Lance, Colossus  
  70  5:31  Nexus  
  70  5:39  Probe (Chrono Boost)  
  70  5:40  Probe (Chrono Boost)  
  70  5:42  Pylon  
  72  5:53  Pylon  
  72  5:56  Stalker x2  
  76  6:00  Stargate  
  76  6:04  Stalker  
  76  6:05  Stalker  
  80  6:27  Zealot x3  
  80  6:28  Zealot  
  87  6:43  Colossus  
  87  6:45  Phoenix  
  95  6:50  Stalker x3  
  95  6:51  Stalker  
  95  6:52  Probe (Chrono Boost)  
  95  6:53  Probe (Chrono Boost)  
  95  7:15  Zealot x4  
  75  7:35  Stalker x2  
  75  7:36  Stalker x2  
Tags
 
Add a new tag
Caveats
  • Supply blocks, unpowered buildings, or Contaminate may cause inaccurate times.
  • Supply counts are checked every 10 seconds.